 Dungeon Crawl Stone Soup version 0.27.1-34-g3ba077fa99 (webtiles) character file.

Game seed: 14863478040611765165

128 zeram the Shield-Bearer (level 5, -6/36 HPs)
             Began as an Octopode Fighter on Jan 19, 2022.
             Killed from afar by an electric eel (10 damage)
             ... with a bolt of electricity
             ... on level 3 of the Dungeon.
             The game lasted 00:05:08 (3637 turns).

zeram the Shield-Bearer (Octopode Fighter)          Turns: 3637, Time: 00:05:10

Health: -6/36      AC:  1    Str: 12 (15) XL:     5   Next: 11%
Magic:  5/5        EV: 11    Int: 11 (12) God:
Gold:   98         SH:  8    Dex:  8 (11) Spells: 4/4 levels left

rFire    . . .     SeeInvis .   a - +0 flail (flame)
rCold    . . .     Faith    .   b - +0 kite shield
rNeg     . . .     Spirit   .   (helmet restricted)
rPois    +         Reflect  .   (no amulet)
rElec    .         Harm     .   (no ring)
rCorr    .         Rampage  .   (no ring)
Will     .....                  (no ring)
Stlth    ++........             (no ring)
HPRegen  0.12/turn              (no ring)
MPRegen  0.09/turn              (no ring)
                                (no ring)
                                (no ring)

@: mighty
A: almost no armour, amphibious, 8 rings, camouflage 1, gelatinous body 1,
(nimble swimmer 1), tentacles, deterioration 1, poison resistance, wild magic 1
a: no special abilities


You were on level 3 of the Dungeon.
You visited 1 branch of the dungeon, and saw 3 of its levels.

You collected 98 gold pieces.

Inventory:

Hand Weapons
 a - a +0 flail of flaming (weapon)
Missiles
 f - 7 poisoned darts (quivered)
Armour
 b - a +0 kite shield (worn)
Wands
 k - a wand of flame (11)
Scrolls
 g - a scroll of amnesia {unknown}
 h - a scroll of identify
 i - 3 scrolls of brand weapon
Potions
 e - 2 potions of flight
 m - a potion of heal wounds


   Skills:
 - Level 3.0 Fighting
 + Level 3.3 Maces & Flails
 + Level 3.6 Dodging
 * Level 4.4 Shields


You had 4 spell levels left.
You didn't know any spells.
Your spell library was empty.

Dungeon Overview and Level Annotations

Branches:
Dungeon (3/15)

Altars:
Ashenzari
Nemelex Xobeh
Yredelemnul

Shops:
D:2 =

Annotations:
D:3 1 transporter


Innate Abilities, Weirdness & Mutations

You cannot wear most types of armour.
You are amphibious.
You can wear up to eight rings at the same time.
Your skin changes colour to match your surroundings (Stealth+).
Your rubbery body absorbs attacks. (AC +1, EV +1)
((You are camouflaged near water. (Stealth+)))
You have tentacles for arms and can constrict up to eight enemies at once.
Your body sometimes deteriorates upon taking damage.
Your system is resistant to poisons. (rPois)
Your spells are a little harder to cast, but a little more powerful.


Message History

Partly explored, unvisited transporter.
Partly explored, unvisited transporter.
Partly explored, unvisited transporter.
Partly explored, unvisited transporter.
No target in view!
No target in view!
No target in view!
Partly explored, unvisited transporter.
Partly explored, unvisited transporter.
You see here a +0 dagger.
You open the door. You open the door.
There is an open door here.
There is a transporter landing site here.
You see here a +0 short sword.
There is a transporter here.
You enter the transporter and appear at another place.
k - a wand of flame (11)
You see here a +2 short sword of protection.
It was a potion of lignification.
You turn into a tree.
Your roots penetrate the ground.
Okay, then.
You start waiting.
Your transformation is almost over.
You start waiting.
You feel less wooden.
Unknown command.
It was a potion of degeneration.
There was something very wrong with that liquid.
You feel weakened.
You feel dopey.
You feel clumsy.
You open the door.
You feel very mighty all of a sudden.
The electric eel shoots out a bolt of lightning at you!
The bolt of electricity hits you. The bolt of electricity hits you!
The bolt of electricity hits the plant!
The plant begins to die.
The electric eel shoots out a bolt of lightning at you!
The bolt of electricity hits you!
* * * LOW HITPOINT WARNING * * *
The bolt of electricity hits you!
You die...

+..............#..#.#...# #.
#...##...#####.#..#.#...# #.
..#.##.........#....#.##########.
###..#...........................
# ##......##..................##.
#........#.###############..##.
#.....#..#.#8P#;≈≈≈≈≈≈#P8#.....
###.....+..))#..#.......#..#...#.
........#...©#©)@...♣.?.+/©#©..#.
###.....#....#..#.......#..#..##.
.............#8P#;;≈≈≈≈≈#P8#.###)
#########.#..###############.# #.
#........................###.
#####.#####......................
......# #########.......(..###.
......# #.######....###
......#### #.#)...#..#.#..


You could see 3 electric eels.

Vanquished Creatures
  3 adders
  3 gnolls (D:2)
  2 worms (D:2)
  4 dart slugs
  7 endoplasms
  3 giant cockroaches
  7 goblins
  A hobgoblin (D:1)
  7 kobolds
  4 quokkas
  8 ball pythons
  2 bats
  5 frilled lizards
  6 rats
62 creatures vanquished.

Notes
Turn   | Place    | Note
-------+----------+-------------------------------------------
     0 | D:1      | zeram the Octopode Fighter began the quest for the Orb.
     0 | D:1      | Reached XP level 1. HP: 16/16 MP: 1/1
   238 | D:1      | Reached XP level 2. HP: 21/21 MP: 2/2
   854 | D:1      | Reached XP level 3. HP: 22/26 MP: 3/3
  1750 | D:2      | Found a basalt altar of Yredelemnul.
  1983 | D:2      | Gained mutation: Your system is resistant to poisons.
                  | (rPois) [potion of mutation]
  1983 | D:2      | Gained mutation: Your body sometimes deteriorates upon
                  | taking damage. [potion of mutation]
  1983 | D:2      | Gained mutation: Your spells are a little harder to cast,
                  | but a little more powerful. [potion of mutation]
  1985 | D:2      | Found a faded altar of an unknown god.
  1989 | D:2      | Reached skill level 4 in Shields
  1989 | D:2      | Reached XP level 4. HP: 23/31 MP: 4/4
  2390 | D:2      | Found Rotzedowk's Jewellery Boutique.
  2765 | D:3      | Found a transporter.
  2812 | D:3      | Found a broken altar of Ashenzari.
  2847 | D:3      | Found a transporter.
  2899 | D:3      | Found a sparkling altar of Nemelex Xobeh.
  3080 | D:3      | Reached XP level 5. HP: 28/36 MP: 5/5
  3637 | D:3      | Killed from afar by an electric eel

Illustrated notes

Levels and vault maps discovered:
D:1:      psy_arrival_radial01, layout_basic
D:2:      layout_basic, hellmonk_ecumenical_altar_crossroads, basic_altar,
          serial_shops, nicolae_shop_crystal
D:3:      gammafunk_steamed_eel, layout_basic, mainiacjoe_overflow_boulevard,
          ashenzari_conservatory_becter

Skill      XL: |  1  2  3  4 |
---------------+-------------+-----
Shields        | 4 |  4.4
Maces & Flails | 3 |  3.3
Fighting       | |  3.0
Dodging        | |  3.6

Action                   |  1- 3 |  4- 6 || total
-------------------------+-------+-------++-------
Melee: Flail             |    67 |    41 ||   108
       Constrict         |    18 |     6 ||    24
       Tentacles         |    10 |     1 ||    11
  Use: Potion            |     2 |     3 ||     5
       Scroll            |       |     6 ||     6
 Stab: Sleeping          |     8 |    10 ||    18
Armor: Skin              |     6 |     2 ||     8
Dodge: Dodged            |    26 |    10 ||    36
Block: Kite shield       |    32 |    21 ||    53
